 Seeded DCSS version 0.31-a0-219-g8d62b2e7bb (webtiles) character file.

Game seed: 13275427502194390118 (custom seed)

14 rocky1 the Slasher (level 2, -5/22 HPs)
             Began as a Demonspawn Gladiator on July 4, 2023.
             Slain by Jessica
             ... wielding a +0 club
              (6 damage)
             ... on level 1 of the Dungeon.
             The game lasted 00:01:37 (672 turns).

rocky1 the Slasher (Demonspawn Gladiator)            Turns: 672, Time: 00:01:38

Health: -5/22      AC:  4    Str: 20    XL:     2   Next: 27%
Magic:  2/2        EV: 12    Int:  9    God:
Gold:   13         SH:  0    Dex: 14    Spells: 1/1 levels left

rFire   . . .        a - +0 long sword
rCold   . . .        (no shield)
rNeg    . . .        b - +0 leather armour
rPois   .            c - +0 helmet
rElec   .            (no cloak)
rCorr   .            (no gloves)
SInv    .            (no boots)
Will    .....        (no amulet)
Stlth   +            f - +6 ring of strength
HPRegen 0.23/turn    (no ring)
MPRegen 0.16/turn

%: no passive effects
@: slowed, very slow
A: magic regeneration
a: no special abilities


You were on level 1 of the Dungeon.
You visited 1 branch of the dungeon, and saw 2 of its levels.

You collected 13 gold pieces.

Inventory:

Hand Weapons
 a - a +0 long sword (weapon)
Missiles
 d - 3 throwing nets (quivered)
 e - 5 javelins
 j - 3 boomerangs
Armour
 b - a +0 leather armour (worn)
 c - a +0 helmet (worn)
Jewellery
 f - a +6 ring of strength (left hand)
Scrolls
 g - a scroll of teleportation {unknown}
 h - a scroll of silence {unknown}
 i - a scroll of summoning {unknown}


   Skills:
 - Level 2.0 Fighting
 * Level 3.4 Long Blades
 - Level 1.7 Throwing
 - Level 2.6 Dodging


You had one spell level left.
You didn't know any spells.
Your spell library contained the following spells:

 Spells                   Type           Power      Damage    Failure   Level
 Ozocubu's Armour         Ice            0%         N/A       82%         3
 Metabolic Englaciation   Hex/Ice        0%         N/A       100%        5
 Simulacrum               Ice/Necr       0%         N/A       100%        6


Dungeon Overview and Level Annotations

Branches:
Dungeon (2/15)

Altars:

Shops:
D:1 :==[

Annotations:
D:1 Jessica


Innate Abilities, Weirdness & Mutations

You regenerate magic rapidly.


Message History

Jessica seems to speed up.
The frilled lizard bites you. Jessica hits you but does no damage.
You barely miss Jessica. Jessica casts a spell at you.
Pain shoots through your body! The frilled lizard barely misses you.
You barely miss Jessica. Jessica closely misses you.
Jessica hits you with a +0 club.
The frilled lizard bites you but does no damage.
You closely miss Jessica. Jessica misses you.
The frilled lizard closely misses you. Jessica hits you with a +0 club.
You hit Jessica.
Jessica is moderately wounded.
Jessica mumbles some strange words.
Jessica blinks!
The frilled lizard misses you. The frilled lizard barely misses you.
You slash the frilled lizard!
You kill the frilled lizard!
Jessica gestures at you while chanting. Pain shoots through your body!
* * * LOW HITPOINT WARNING * * *
You aren't carrying any potions.
Okay, then.
Jessica points at you and mumbles some strange words.
You feel yourself slow down. Jessica closely misses you.
You hit Jessica but do no damage.
Jessica is moderately wounded.
Jessica barely misses you. Jessica closely misses you.
You closely miss Jessica.
Jessica is moderately wounded.
Jessica mumbles some strange words.
Jessica blinks!
Jessica mumbles something strange.
Jessica hits you with a +0 club.
* * * LOW HITPOINT WARNING * * *
You closely miss Jessica.
Jessica is moderately wounded.
Jessica hits you with a +0 club.
* * * LOW HITPOINT WARNING * * *
Jessica barely misses you. Jessica hits you with a +0 club.
You die...

#'#.# #..>....# #.#
###...####.####..# #.#
#...⌠..+...# #..# #.#
##.⌠∩⌠.###.# #..###.#
['..⌠...##.# #).....#
.##.).####.#####.###.#
..#.#'###............#
#.###.##.#######§###.##
#.....#.## ##@##...###
######.##
#####.@...∩...# #.#
#.....>.....#.# #.#
#.###...##.##.# #.#
#...........#.######
#.#
#..###.............#
#.# #..#
#......#.####.####
#.####..#
#...#.##.####....#
#.##....#
#...#.............


You could see Jessica (fast).

Vanquished Creatures
  3 bats (D:1)
  A giant cockroach (D:1)
  2 goblins (D:1)
  2 kobolds (D:1)
  A quokka (D:1)
  A ball python (D:1)
  A frilled lizard (D:1)
  A rat (D:1)
12 creatures vanquished.

Notes
Turn   | Place    | Note
-------+----------+-------------------------------------------
     0 | D:1      | rocky1 the Demonspawn Gladiator began the quest for the
                  | Orb.
     0 | D:1      | Reached XP level 1. HP: 16/16 MP: 1/1
    11 | D:1      | Found Onlezats's Jewellery Emporium.
   223 | D:1      | Reached skill level 3 in Long Blades
   292 | D:1      | Found Zyuqykanwy's Book Shop.
   406 | D:1      | Found Obocek's Jewellery Boutique.
   426 | D:1      | Gained mutation: You regenerate magic rapidly. [demonic
                  | ancestry]
   426 | D:1      | Reached XP level 2. HP: 22/22 MP: 2/2
   470 | D:1      | Found Saufiugh's Armour Emporium.
   602 | D:2      | Noticed Jessica
   672 | D:1      | HP: 1/22 [Jessica/+0 club (3)]
   672 | D:1      | Slain by Jessica

Illustrated notes

Levels and vault maps discovered:
D:1:      erik_arrival_blinker_ship, layout_loops_ring, serial_shops, shop,
          shop, shop, nicolae_shop_rolling_square
D:2:      layout_rooms, ebering_ecumenical_altar_hall, basic_altar,
          uniq_natasha, uniq_jessica

Skill      XL: |  1 |
---------------+----+-----
Long Blades    | 3 |  3.4
Fighting       | |  2.0
Throwing       | |  1.7
Dodging        | |  2.6

Action                     || total
---------------------------++-------
  Melee: Long sword        ||    45
 Armour: Leather armour    ||    17
  Dodge: Dodged            ||    39

Table legend: (Time is in decaauts)
 A = Elapsed time spent in this place.
 B = Non-inter-level travel time spent in this place.
 C = Inter-level travel time spent in this place.
 D = Time resting spent in this place.
 E = Time spent auto-exploring this place.
 F = Levels seen in this place.
 G = Mean time per level.
                   A        B        C        D        E       F      G
               +--------+--------+--------+--------+--------+-----+--------+
         Total |    684 |    653 |     31 |     51 |    465 |   2 |  342.0 |
       Dungeon |    684 |    653 |     31 |     51 |    465 |   2 |  342.0 |
               +--------+--------+--------+--------+--------+-----+--------+

Top non-repeatable levels by time:
     D:1: 676 daAuts
     D:2: 8 daAuts
